 Dungeon Crawl Stone Soup version 0.31-a0-1009-g454b1f1e0a (webtiles) character file.

Game seed: 18377664270926044894

30 Nedwor the Cutter (level 3, -3/28 HPs)
             Began as a Demonspawn Gladiator on Nov 14, 2023.
             Slain by an iguana (7 damage)
             ... on level 2 of the Dungeon.
             The game lasted 00:01:01 (837 turns).

Nedwor the Cutter (Demonspawn Gladiator)             Turns: 837, Time: 00:01:02

Health: -3/28      AC:  5    Str: 14    XL:     3   Next: 5%
Magic:  3/3        EV: 12    Int:  9    God:
Gold:   46         SH:  8    Dex: 16    Spells: 2/2 levels left

rFire   . . .        a - +0 rapier
rCold   . . .        (no shield)
rNeg    . . .        b - +0 leather armour
rPois   .            c - +0 helmet
rElec   .            h - scarf {shadows}
rCorr   .            f - +0 pair of gloves
SInv    .            (no boots)
Will    .....        (no amulet)
Stlth   +            (no ring)
HPRegen 0.24/turn    (no ring)
MPRegen 0.08/turn

%: no passive effects
@: no status effects
A: large bone plates 1, condensation shield
a: no special abilities


You were on level 2 of the Dungeon.
You visited 1 branch of the dungeon, and saw 2 of its levels.

You collected 46 gold pieces.

Inventory:

Hand Weapons
 a - a +0 rapier (weapon)
Missiles
 d - 3 throwing nets (quivered)
 e - a javelin
Armour
 b - a +0 leather armour (worn)
 c - a +0 helmet (worn)
 f - a +0 pair of gloves (worn)
 h - a scarf of shadows (worn)
Jewellery
 j - a ring of ice
Scrolls
 g - 2 scrolls of identify {unknown}
 l - a scroll of immolation {unknown}
 m - 2 scrolls of blinking {unknown}
 n - a scroll of teleportation {unknown}
Potions
 i - a potion of magic {unknown}
 k - a potion of lignification {unknown}


   Skills:
 + Level 2.4 Fighting
 * Level 3.2 Short Blades
 - Level 1.7 Throwing
 + Level 3.0 Dodging
 + Level 0.2 Stealth


You had 2 spell levels left.
You didn't know any spells.
Your spell library was empty.

Dungeon Overview and Level Annotations

Branches:
Dungeon (2/15)

Altars:


Innate Abilities, Weirdness & Mutations

You are partially covered in large bone plates. (SH +4)
A meltable shield of frost defends you. (SH +4)


Message History

You are too injured to fight recklessly!
You are too injured to fight recklessly!
You are too injured to fight recklessly!
You are too injured to fight recklessly!
You are too injured to fight recklessly!
There are monsters nearby!
There are monsters nearby!
You are too injured to fight recklessly!
You are too injured to fight recklessly!
You hit the iguana but do no damage.
The iguana is lightly wounded.
You block the iguana's attack.
You hit the iguana but do no damage.
The iguana is lightly wounded.
The iguana barely misses you.
You hit the iguana.
The iguana is lightly wounded.
The iguana barely misses you.
You hit the iguana but do no damage.
The iguana is lightly wounded.
The iguana bites you!
* * * LOW HITPOINT WARNING * * *
You barely miss the iguana.
The iguana is lightly wounded.
The giant cockroach bites you but does no damage.
The iguana bites you but does no damage.
You barely miss the iguana.
The iguana is lightly wounded.
The giant cockroach barely misses you.
The iguana bites you but does no damage.
You puncture the iguana!
The iguana is heavily wounded.
The giant cockroach completely misses you.
The iguana closely misses you. The giant cockroach bites you.
* * * LOW HITPOINT WARNING * * *
You barely miss the iguana.
The iguana is heavily wounded.
The giant cockroach bites you but does no damage.
The iguana bites you!
You die...

.
#.............###.#........
#.................#........
... .........##.......
...###....##...........
....$................#.
...........######......
#.........######......
##$..B.....##....#.....
#....l@....##....#.....
#.....#....#.....#.....
#................#...##
#................#..(#
............#.....####
#####.......#.....#
#[.......#.....#
#..............#
..............


You could see an iguana and a giant cockroach.

Vanquished Creatures
  3 dart slugs
  A bat (D:1)
  3 endoplasms
  3 goblins (D:1)
  4 hobgoblins
  2 kobolds (D:1)
  A quokka (D:1)
  2 ball pythons (D:1)
  A frilled lizard (D:2)
  A rat (D:2)
21 creatures vanquished.

Notes
Turn   | Place    | Note
-------+----------+-------------------------------------------
     0 | D:1      | Nedwor the Demonspawn Gladiator began the quest for the
                  | Orb.
     0 | D:1      | Reached XP level 1. HP: 16/16 MP: 1/1
   133 | D:1      | Gained mutation: A meltable shield of frost defends you.
                  | (SH +4) [demonic ancestry]
   133 | D:1      | Reached XP level 2. HP: 22/22 MP: 2/2
   766 | D:2      | Gained mutation: You are partially covered in large bone
                  | plates. (SH +4) [demonic ancestry]
   766 | D:2      | Reached XP level 3. HP: 28/28 MP: 3/3
   837 | D:2      | Slain by an iguana

Illustrated notes

Levels and vault maps discovered:
D:1:      tarquinn_simple_flora_water_e, layout_rooms
D:2:      layout_basic, basic_altar, minmay_cut_off

Skill      XL: |  1  2 |
---------------+-------+-----
Short Blades   | 3 |  3.2
Dodging        | 3 |  3.0
Fighting       | |  2.4
Throwing       | |  1.7
Stealth        | |  0.2

Action                     || total
---------------------------++-------
  Melee: Rapier            ||    93
 Armour: Leather armour    ||    49
  Dodge: Dodged            ||    60
  Block: Other             ||    13

Table legend: (Time is in decaauts)
 A = Elapsed time spent in this place.
 B = Non-inter-level travel time spent in this place.
 C = Inter-level travel time spent in this place.
 D = Time resting spent in this place.
 E = Time spent auto-exploring this place.
 F = Levels seen in this place.
 G = Mean time per level.
                   A        B        C        D        E       F      G
               +--------+--------+--------+--------+--------+-----+--------+
         Total |    840 |    807 |     33 |     62 |    545 |   2 |  420.0 |
       Dungeon |    840 |    807 |     33 |     62 |    545 |   2 |  420.0 |
               +--------+--------+--------+--------+--------+-----+--------+

Top non-repeatable levels by time:
     D:1: 675 daAuts
     D:2: 165 daAuts
